 Dungeon Crawl Stone Soup version 0.25-a0-110-ge29c8f2358 (webtiles) character file.

Game seed: 13576363200303216526, levelgen mode: deterministic

66 Leeroy the Slasher (level 3, 0/29 HPs)
             Began as a Draconian Skald on Nov 19, 2019.
             Slain by an adder (2 damage)
             ... on level 2 of the Dungeon.
             The game lasted 00:03:59 (901 turns).

Leeroy the Slasher (Draconian Skald)                 Turns: 901, Time: 00:04:00

Health: 0/29       AC:  5    Str: 13    XL:     3   Next: 96%
Magic:  6/6        EV: 12    Int: 13    God:
Gold:   70         SH:  0    Dex: 11    Spells: 2/6 levels left

rFire    . . .     SeeInvis .   a - +1 falchion
rCold    . . .     Gourm    .   (no shield)
rNeg     . . .     Faith    .   (armour unavailable)
rPois    .         Spirit   .   (helmet restricted)
rElec    .         Reflect  .   (no cloak)
rCorr    .         Harm     .   (no gloves)
MR       .....                  (no boots)
Stlth    +.........             (no amulet)
HPRegen  0.09/turn              (no ring)
MPRegen  0.10/turn              (no ring)

@: no status effects
A: unfitting armour, cold-blooded, AC +5
a: no special abilities


You were on level 2 of the Dungeon.
You were not hungry.

You visited 1 branch of the dungeon, and saw 2 of its levels.

You collected 70 gold pieces.

Inventory:

Hand Weapons
 a - a +1 falchion (weapon)
 g - a -3 whip
 i - a +0 club
 j - a +0 dagger
Scrolls
 e - a scroll of blinking {unknown}
 k - a scroll of fog {unknown}
 l - a scroll of remove curse
 n - a scroll of identify {unknown}
Potions
 b - a potion of haste {unknown}
 d - a potion of heal wounds {unknown}
 h - a potion of curing {unknown}
 m - a potion of might {unknown}
 o - a potion of resistance {unknown}
Comestibles
 c - 3 rations


   Skills:
 - Level 2.1 Fighting
 + Level 4.3 Long Blades
 - Level 2.1 Dodging
 - Level 2.0 Spellcasting
 - Level 2.6 Charms


You had 2 spell levels left.
You knew the following spells:

 Your Spells              Type           Power        Failure   Level  Hunger
a - Infusion              Chrm           #...         9%          1    ##.....
b - Spectral Weapon       Hex/Chrm       #.......     41%         3    ####...

Your spell library contained the following spells:

 Spells                   Type           Power        Failure   Level  Hunger
 Song of Slaying          Chrm           #.......     13%         2    ###....
 Shroud of Golubria       Chrm/Tloc      #.....       22%         2    ###....
 Regeneration             Chrm/Necr      #.........   41%         3    ####...


Dungeon Overview and Level Annotations

Branches:
Dungeon (2/15)

Altars:


Innate Abilities, Weirdness & Mutations

Your plain brown scales are hard. (AC +5)
You cannot fit into any form of body armour.
You are cold-blooded and may be slowed by cold attacks.


Message History

The adder bites you.
* * * LOW HITPOINT WARNING * * *
You closely miss the adder.
The adder is severely wounded.
The adder closely misses you.
You miss the adder.
Your tail-slap misses the adder.
The adder is severely wounded.
The adder closely misses you.
You hit the adder.
The adder is almost dead.
The adder bites you.
* * * LOW HITPOINT WARNING * * *
The adder barely misses you.
You closely miss the adder.
The adder is almost dead.
The adder misses you.
You closely miss the adder.
The adder is almost dead.
The adder bites you.
You die...

#....[....# #.........#
#.........# #<........#
. #..(......#
#.#.........# #.
#.#......)..#
.#.###..........@#
.....###....^..†S##
................[....
......................
........#..[...........
........#..............
.......................
.(.....#...............
....).†#..(........


You could see an adder.

Vanquished Creatures
  2 adders (D:2)
  A worm (D:2)
  2 dart slugs
  7 giant cockroaches
  3 hobgoblins (D:1)
  4 jackals (D:1)
  A quokka (D:2)
  6 bats (D:1)
  4 frilled lizards
  A goblin (D:1)
  7 kobolds
  5 rats
43 creatures vanquished.

Notes
Turn   | Place    | Note
-------+----------+-------------------------------------------
     0 | D:1      | Leeroy the Draconian Skald began the quest for the Orb.
     0 | D:1      | Reached XP level 1. HP: 17/17 MP: 3/3
   123 | D:1      | Reached XP level 2. HP: 14/24 MP: 5/5
   188 | D:1      | Reached skill level 3 in Long Blades
   366 | D:1      | Reached XP level 3. HP: 10/29 MP: 6/6
   582 | D:1      | Learned a level 3 spell: Spectral Weapon
   861 | D:2      | Reached skill level 4 in Long Blades
   901 | D:2      | Slain by an adder

Levels and vault maps discovered:
D:1:      sevenhm_arrival_forest_fort_large_1, layout_loops_ring
D:2:      layout_rooms, uniq_robin

Skill      XL: |  1  2  3 |
---------------+----------+-----
Long Blades    | 3 4 |  4.3
Fighting       | |  2.1
Dodging        | |  2.1
Spellcasting   | |  2.0
Charms         | |  2.6

Action                   || total
-------------------------++-------
Melee: Falchion          ||    88
       Tailslap          ||    15
       Whip              ||    66
  Use: Scroll            ||     3
 Stab: Sleeping          ||     2
Armor: Skin              ||    63
Dodge: Dodged            ||   143
       Rpst.: Falchion   ||    24

Table legend:
 A = Non-vault XP
 B = Vault XP
 C = Vault XP percentage of total XP
 D = Non-vault monster count
 E = Vault monster count
 F = Vault count percentage of total count
                 A         B        C        D         E       F
            +---------+---------+-------+---------+---------+-------
      Total |      92 |       3 |   3.2 |      40 |       3 |   7.0
            +---------+---------+-------+---------+---------+-------
        D:1 |      49 |       3 |   5.8 |      30 |       3 |   9.1
        D:2 |      43 |       0 |   0.0 |      10 |       0 |   0.0
            +---------+---------+-------+---------+---------+-------
